 Dungeon Crawl Stone Soup version 0.27-a0-1181-g5f64966fcc (webtiles) character file.

Game seed: 1796974493997021889

63114 chippings the Thaumaturge (level 14, -1/95 HPs)
             Began as a Mummy Summoner on May 14, 2021.
             Was the Champion of Ashenzari.
             Slain by a +8 long sword (18 damage)
             ... on level 13 of the Dungeon on May 17, 2021.
             The game lasted 01:27:03 (23702 turns).

chippings the Thaumaturge (Mummy Summoner)         Turns: 23702, Time: 01:27:04

Health: -1/95      AC: 17    Str: 12    XL:     14   Next: 66%
Magic:  7/32       EV: 19    Int: 22    God:    Ashenzari [******]
Gold:   2686       SH:  0    Dex: 13    Spells: 3/41 levels left

rFire    . . .     SeeInvis +   C - +11 quarterstaff of Panopticon {venom, *Noise +Blink rElec Int+4, Evo, Elem} (curse)
rCold    + + .     Faith    .   (shield currently unavailable)
rNeg     + + +     Spirit   .   a - +3 leather armour "Ordeal of the Sky" {rElec, Fort, Bglg} (curse)
rPois    ∞         Reflect  .   K - +2 helmet of Star-Bound Wisdom {Evo, Comp} (curse)
rElec    +         Harm     .   F - scarf of the Bound Doubts {rC+ rF+, Elem, Cun} (curse)
rCorr    .         Rampage  .   w - +2 pair of gloves "Oblivion of Ashenzari" {Cun, Bglg} (curse)
Will     +....     Clarity  +   h - +0 pair of boots "Stoicism of Ashenzari" {Comp, Alch} (curse)
Stlth    +++++.....             r - amulet "Fetters of Ashenzari" {Regen+, Melee, Comp} (curse)
HPRegen  1.25/turn              c - ring of Ashenzari's Omen {EV+4, Comp, Cun} (curse)
MPRegen  0.23/turn              e - ring of Ashenzari's Blue Moon {AC+4, Range, Elem} (curse)

@: about to teleport, studying Ice Magic
A: cold resistance 1, negative energy resistance 3, torment resistance 2, heat
vulnerability 1, in touch with death 1, no potions
a: Renounce Religion, Evoke Blink, Shatter the Chains


You were on level 13 of the Dungeon.
You worshipped Ashenzari.
Ashenzari was exalted by your worship.
You visited 3 branches of the dungeon, and saw 20 of its levels.
You also visited: Bailey and Ice Cave.

You collected 2812 gold pieces.
You spent 126 gold pieces at shops.

Inventory:

Hand Weapons
 i - the +9 staff of Olgreb {rPois∞}
   (You found it on level 6 of the Lair of Beasts)

   It may poison the flesh of those it strikes, and is more effective with a
   high Evocations skill.
   It enhances your poison magic.
   It grants immunity to poison.
   It can be evoked to poison those around you for a time.
 m - the +10 quarterstaff "Doshriug" {freeze, rPois}
   (You found it on level 4 of the Dungeon)

   It has been specially enchanted to freeze those struck by it, causing extra
   injury to most foes and up to half again as much damage against particularly
   susceptible opponents.
   It can also slow down cold-blooded creatures.
   It protects you from poison.
 C - the cursed +11 quarterstaff of Panopticon (weapon) {venom, *Noise +Blink rElec Int+4, Evo, Elem}
   (You found it on level 1 of the Lair of Beasts)

   It poisons the flesh of those it strikes.
   It affects your intelligence (+4).
   It insulates you from electricity.
   It lets you blink.
   It may make noises in combat.
   It has a curse which improves the following skills: Evocations: Evocations.
   Elements:  Fire Magic, Ice Magic, Air Magic and Earth Magic.
Missiles
 k - 12 curare-tipped darts
 A - 5 throwing nets
Armour
 a - the cursed +3 leather armour "Ordeal of the Sky" (worn) {rElec, Fort, Bglg}
   (You found it on level 5 of the Dungeon)

   It insulates you from electricity.
   It has a curse which improves the following skills: Fortitude: Armour and
   Shields.
   Beguiling: Conjurations, Hexes and Translocations.
 h - the cursed +0 pair of boots "Stoicism of Ashenzari" (worn) {Comp, Alch}
   (You found it on level 9 of the Dungeon)

   It has a curse which improves the following skills: Companions: Summonings
   and Necromancy.
   Alchemy:   Poison Magic and Transmutations.
 w - the cursed +2 pair of gloves "Oblivion of Ashenzari" (worn) {Cun, Bglg}
   (You bought it in a shop on level 1 of the Dungeon)

   It has a curse which improves the following skills: Cunning: Dodging and
   Stealth.
   Beguiling: Conjurations, Hexes and Translocations.
 F - the cursed scarf of the Bound Doubts (worn) {rC+ rF+, Elem, Cun}
   (You found it on level 2 of the Lair of Beasts)

   It has a curse which improves the following skills: Elements: Fire Magic, Ice
   Magic, Air Magic and Earth Magic.
   Cunning:   Dodging and Stealth.
 K - the cursed +2 helmet of Star-Bound Wisdom (worn) {Evo, Comp}
   (You found it on level 6 of the Lair of Beasts)

   It has a curse which improves the following skills: Evocations: Evocations.
   Companions: Summonings and Necromancy.
 M - a +0 pair of boots
Jewellery
 c - the cursed ring of Ashenzari's Omen (left hand) {EV+4, Comp, Cun}
   (You found it on level 1 of the Dungeon)

   [ring of evasion]

   It affects your evasion (+4).
   It has a curse which improves the following skills: Companions: Summonings
   and Necromancy.
   Cunning:   Dodging and Stealth.
 d - a ring of flight
 e - the cursed ring of Ashenzari's Blue Moon (right hand) {AC+4, Range, Elem}
   (You found it on level 2 of the Dungeon)

   [ring of protection]

   It affects your AC (+4).
   It has a curse which improves the following skills: Ranged Combat: Slings,
   Bows, Crossbows and Throwing.
   Elements:  Fire Magic, Ice Magic, Air Magic and Earth Magic.
 j - a ring of ice
 o - a ring of willpower
 r - the cursed amulet "Fetters of Ashenzari" (around neck) {Regen+, Melee, Comp}
   (You found it on level 8 of the Dungeon)

   [amulet of regeneration]

   It increases your rate of health regeneration.
   It has a curse which improves the following skills: Melee Combat: Short
   Blades, Long Blades, Axes, Maces & Flails, Polearms, Staves and Unarmed
   Combat.
   Companions: Summonings and Necromancy.
 t - a ring of protection from fire
 v - a ring of magical power
 E - a +6 ring of dexterity
Wands
 l - a wand of polymorph (13)
 z - a wand of flame (69)
 B - a wand of paralysis (8)
 D - a wand of iceblast (53)
 I - a wand of charming (14)
 J - a wand of digging (3)
Scrolls
 b - 9 scrolls of immolation
 f - 2 scrolls of enchant weapon
 g - 9 scrolls of teleportation
 n - 2 scrolls of amnesia
 p - 2 scrolls of enchant armour
 q - 2 scrolls of torment
 s - a scroll of silence
 u - 2 scrolls of blinking
 x - 2 scrolls of magic mapping
 y - 2 scrolls of brand weapon
 G - a scroll of holy word
 H - 2 scrolls of noise
 L - a scroll of vulnerability
 N - a scroll of summoning


   Skills:
 + Level 4.1 Fighting
 + Level 6.9(10.0) Staves
 - Level 4.5(10.0) Dodging
 - Level 5.8(11.5) Stealth
 + Level 14.0 Spellcasting
 - Level 4.1(8.3) Conjurations
 - Level 1.3(4.1) Hexes
 - Level 9.2(16.0) Summonings
 - Level 4.9(11.5) Necromancy
 + Level 11.5(17.0) Ice Magic
 - Level 4.9(10.5) Air Magic
 - Level 5.5(10.0) Evocations


You had 3 spell levels left.
You knew the following spells:

 Your Spells              Type           Power      Damage    Failure   Level
a - Summon Small Mammal   Summ           100%       N/A       0%          1
b - Call Imp              Summ           72%        N/A       0%          2
c - Call Canine Familiar  Summ           72%        N/A       1%          3
d - Summon Guardian Gole  Hex/Summ       56%        N/A       1%          3
e - Summon Lightning Spi  Summ/Air       65%        N/A       1%          4
f - Summon Ice Beast      Ice/Summ       73%        N/A       1%          4
g - Ozocubu's Refrigerat  Ice            37%        4d12      4%          7
h - Freezing Cloud        Conj/Ice/Air   31%        6-21      6%          6
i - Simulacrum            Ice/Necr       43%        N/A       2%          6
j - Blink                 Tloc           N/A        N/A       6%          2

Your spell library contained the following spells:

 Spells                   Type           Power      Damage    Failure   Level
 Freeze                   Ice            100%       1d11      0%          1
 Frozen Ramparts          Ice            100%       1d12      0%          3
 Ozocubu's Armour         Ice            74%        N/A       0%          3
 Animate Skeleton         Necr           100%       N/A       1%          1
 Corona                   Hex            36%        N/A       1%          1
 Magic Dart               Conj           100%       1d8       1%          1
 Pain                     Necr           100%       1d9       1%          1
 Shock                    Conj/Air       100%       1d9       1%          1
 Slow                     Hex            33%        N/A       1%          2
 Static Discharge         Conj/Air       54%        N/A       1%          2
 Mephitic Cloud           Conj/Pois/Air  43%        N/A       1%          3
 Swiftness                Air            58%        N/A       1%          3
 Vampiric Draining        Necr           39%        2d11      1%          3
 Conjure Flame            Conj/Fire      36%        6-21      2%          3
 Apportation              Tloc           36%        N/A       3%          1
 Inner Flame              Hex/Fire       26%        N/A       5%          3
 Airstrike                Air            29%        N/A       1%          4
 Animate Armour           Summ/Erth      100%       N/A       1%          4
 Animate Dead             Necr           39%        N/A       1%          4
 Hailstorm                Conj/Ice       63%        3d13      1%          4
 Agony                    Necr           78%        N/A       1%          5
 Metabolic Englaciation   Hex/Ice        29%        N/A       1%          5
 Lightning Bolt           Conj/Air       27%        1d43      3%          5
 Iskenderun's Battlesphe  Conj           51%        2d10      4%          5
 Leda's Liquefaction      Hex/Erth       13%        N/A       17%         4
 Spellforged Servitor     Conj/Summ      31%        N/A       28%         7
 Bolt of Magma            Conj/Fire/Erth 15%        4d9       34%         5
 Iron Shot                Conj/Erth      18%        9d4       75%         6
 Orb of Destruction       Conj           25%        9d10      80%         7
 Shatter                  Erth           9%         3d11*     100%        9
 Tornado                  Air            29%        N/A       100%        9
 Ice Form                 Ice/Tmut       Unusable   N/A       N/A         4
 Statue Form              Tmut/Erth      Unusable   N/A       N/A         6

Dungeon Overview and Level Annotations

Branches:
Dungeon (13/15)            Temple (0/1) D:6            Lair (6/6) D:8
 Shoals (0/4) Lair:2       Spider (1/4) Lair:2        Slime (0/5) Lair:6
    Orc (0/2) D:11         Bailey (visited)           IceCv (visited)
 Vaults: D:13-14

Altars:
Ashenzari
Dithmenos
Elyvilon
Fedhas
Gozag
Nemelex Xobeh
Ru
Vehumet
Wu Jian
Xom
Jiyva

Shops:
D:1 *   D:7 =   D:9 *

Portals:
Abyss: D:10
Trove: D:11 (show slimy rune of Zot)

Annotations:
D:6 3 runed translucent doors, timneilson's ghost, novice GrFi
D:10 2 transporters, bilbop's ghost, novice DjAE


Innate Abilities, Weirdness & Mutations

You are immune to poison.
Your flesh is cold resistant. (rC+)
You are immune to negative energy. (rN+++)
You are immune to unholy pain and torment.
You are vulnerable to heat. (rF-)
You are in touch with the powers of death.
You do not drink.


Message History

Casting: Call Canine Familiar (safe; 1% risk of failure)
Confirm with . or Enter, or press ? or * to list all spells.
The +8 long sword hits you! The +5 long sword closely misses you.
The +8 long sword hits you but does no damage.
The +5 long sword hits you but does no damage.
Your ice beast is engulfed in blazing flames.
Your ice beast hits the +5 long sword.
Your ice beast freezes the +5 long sword.
The +5 long sword resists.
You thump the +8 long sword!
The +8 long sword is severely damaged.
The +8 long sword hits you!
The +5 long sword hits you but does no damage.
Unknown command.
The +5 long sword closely misses your warg.
Your ice beast is engulfed in blazing flames.
Your ice beast hits the +5 long sword but does no damage.
Your warg closely misses the +5 long sword.
The +8 long sword hits you. The +5 long sword hits your warg!!
You sock the +8 long sword!
The +8 long sword is almost destroyed.
The white ugly thing barely misses your warg.
The +8 long sword hits you but does no damage.
Your ice beast is engulfed in blazing flames.
Your ice beast dies!
The +5 long sword completely misses your warg.
Your warg bites the +5 long sword but does no damage.
Casting: Call Canine Familiar (safe; 1% risk of failure)
Confirm with . or Enter, or press ? or * to list all spells.
A chill wind blows around you. The +8 long sword hits you!
* * * LOW HITPOINT WARNING * * *
The +5 long sword hits your warg!
Your warg dies!
Your warg's corpse disappears in a puff of smoke!
The +8 long sword hits you but does no damage.
Your ice beast closely misses the +8 long sword.
The white ugly thing completely misses you.
As you read the scroll of teleportation, it crumbles to dust.
You feel strangely unstable. The +8 long sword hits you!!
You die...

....#.............#..............
....#.............#...........)..
....#...).........#..............
....#.............#.....[.......,
##+###.######'##.###...###.)..#
#..###.##.##..##.###°○§###....##.
..........#......(..§.°..........
<÷........#.....Y(..§§°..........
..........#.....@u......†.......{
##..##..#######..#####'###..#####
##..##..####.##..####...##..#####
#...#....#.......................
#...#....#.......................
#...#....#.......................
#...#....#.......................
#...#....#.................[.....
##..#..########.#######.######...


You could see a white ugly thing, 2 dancing weapons and a friendly ice beast
(summoned).

Vanquished Creatures
  The ghost of daftaero the Warrior, a journeyman MiBe of Trog (Lair:6)
  A hydra (Lair:5)
  2 centaur warriors
  A two-headed ogre (D:11)
  4 death yaks (Lair:6)
  A necromancer (IceCv)
  2 manticores
  13 elephants
  2 black mambas
  5 cane toads
  2 komodo dragons
  2 rime drakes
  A tengu conjurer (D:13)
  A jumping spider (Lair:2)
  A troll (D:11)
  2 polar bears (Lair:6)
  6 blink frogs
  2 hornets (D:9)
  3 slime creatures (D:12)
  2 raiju (Lair:6)
  A human (D:4)
  2 wraiths
  4 wyverns
  A shadow (D:11)
  11 yaks
  Eustachio (D:5)
  2 basilisks
  3 vampire mosquitoes
  A warg (Lair:6)
  Edmund (D:5)
  An acid dragon (D:13)
  8 water moccasins
  7 hell hounds (Lair:6)
  3 ice beasts
  8 orc warriors
  6 black bears
  A hornet zombie (D:7)
  2 sky beasts
  5 necrophages
  2 ogres (D:6)
  4 centaurs
  17 wolves
  A phantom (D:7)
  2 kobold brigands (D:10)
  5 bullfrogs
  4 scorpions
  2 water moccasin skeletons (D:5)
  3 killer bees (D:7)
  12 wights
  An electric eel (D:7)
  3 centaur zombies
  2 bullfrog skeletons
  An orc priest (D:5)
  2 hounds
  2 iguanas (D:6)
  2 jellies
  Crazy Yiuf (D:2)
  A centaur skeleton (D:6)
  A gnoll shaman (D:7)
  Ijyb (D:4)
  A hell rat (Lair:6)
  3 orc wizards
  A troll simulacrum (IceCv)
  A spriggan simulacrum (IceCv)
  A wolf simulacrum (IceCv)
  A killer bee zombie (D:9)
  A centaur simulacrum (IceCv)
  A hound zombie (D:5)
  A hound skeleton (D:4)
  2 mummies (D:12)
  A howler monkey skeleton (D:7)
  3 adders
  5 river rats (D:8)
  A dart slug (D:5)
  20 orcs
  3 endoplasms
  2 giant cockroaches
  2 goblins
  10 hobgoblins
  A jackal (D:2)
  21 kobolds
  3 quokkas
  6 ball pythons
  A bat (D:3)
  3 frilled lizards
  21 rats
307 creatures vanquished.

Vanquished Creatures (collateral kills)
  Josephine (D:13)
  Harold (D:10)
  9 hydras
  2 boulder beetles
  2 catoblepae
  2 centaur warriors (D:13)
  A two-headed ogre (D:11)
  6 death yaks (Lair:6)
  A tengu warrior (D:13)
  A fire crab (Lair:6)
  A lindwurm (Lair:6)
  An orc knight (Bailey)
  A wolf spider (Lair:6)
  A manticore (Lair:6)
  3 black mambas
  12 elephants
  7 cane toads
  An unseen horror (D:11)
  3 komodo dragons
  10 freezing wraiths (IceCv)
  A troll (D:11)
  7 polar bears
  3 meliai (D:13)
  A wolf spider simulacrum (IceCv)
  10 dream sheep
  2 raiju (Lair:6)
  6 blink frogs
  5 slime creatures (D:12)
  2 meliai zombies
  A snapping turtle (Lair:2)
  5 wraiths (D:13)
  22 yaks
  3 basilisks
  3 vampire mosquitoes
  2 wargs (Lair:6)
  Menkaure (D:5)
  An acid dragon (D:12)
  6 hell hounds (Lair:6)
  6 water moccasins
  9 black bears
  9 orc warriors
  4 ice beasts (IceCv)
  9 wolves
  A necrophage (D:12)
  4 centaurs (D:13)
  A phantom (D:6)
  A kobold brigand (D:7)
  5 bullfrogs
  Blork the orc (D:5)
  A scorpion (D:5)
  An elephant simulacrum (IceCv)
  5 killer bees
  4 wights
  4 centaur zombies
  A draconian simulacrum (IceCv)
  3 jellies
  3 orc priests
  2 centaur skeletons (D:9)
  2 iguanas
  3 orc wizards
  5 hell rats (Lair:6)
  A polar bear simulacrum (IceCv)
  A spriggan simulacrum (IceCv)
  5 troll simulacra (IceCv)
  5 centaur simulacra
  A mummy (D:12)
  4 adders (D:4)
  4 ogre simulacra (IceCv)
  A naga simulacrum (IceCv)
  A river rat (D:8)
  11 white imps (IceCv)
  An adder skeleton (D:5)
  A dart slug (D:1)
  21 orcs
  An endoplasm (D:2)
  3 goblins (D:12)
  2 jackals
  3 ball pythons
  3 bats (D:2)
  2 frilled lizards
  6 kobolds
  3 rats
311 creatures vanquished.

Vanquished Creatures (others)
  4 hydras
  An anaconda (Lair:6)
  A death yak (Lair:6)
  A slime creature (D:12)
  A cyclops (D:11)
  4 elephants (Lair:5)
  A black mamba (Lair:5)
  An ice statue (IceCv)
  4 cane toads
  A rime drake (Lair:3)
  A polar bear (Lair:6)
  A wyvern (D:9)
  7 yaks
  A warg (Lair:6)
  A water moccasin (Lair:2)
  An ice beast (IceCv)
  2 wolves
  A kobold brigand (D:8)
  4 wights (D:8)
  A centaur simulacrum (IceCv)
  A white imp (IceCv)
  2 orcs (D:9)
  28 fungi
  46 plants
  A withered plant (D:12)
117 creatures vanquished.

Grand Total: 735 creatures vanquished

Notes
Turn   | Place    | Note
-------+----------+-------------------------------------------
     0 | D:1      | chippings the Mummy Summoner began the quest for the Orb.
     0 | D:1      | Reached XP level 1. HP: 13/13 MP: 4/4
   197 | D:1      | Found Ceukhlas's General Store.
   909 | D:1      | Reached XP level 2. HP: 20/20 MP: 2/5
  1064 | D:1      | Reached skill level 3 in Spellcasting
  1310 | D:1      | Reached skill level 1 in Fighting
  1889 | D:2      | Found a faded altar of an unknown god.
  1915 | D:2      | Reached XP level 3. HP: 24/26 MP: 5/7
  2221 | D:2      | Learned a level 2 spell: Call Imp
  2225 | D:2      | Learned a level 3 spell: Call Canine Familiar
  2694 | D:2      | Found a runed translucent door.
  2695 | D:2      | Noticed Crazy Yiuf
  3313 | D:2      | Killed Crazy Yiuf
  3650 | D:3      | Reached XP level 4. HP: 30/32 MP: 4/9
  4027 | D:4      | Noticed a scorpion
  4036 | D:4      | Noticed a human
  4036 | D:4      | a scorpion changed into a human
  4041 | D:4      | Killed a human
  4042 | D:4      | Reached skill level 4 in Spellcasting
  4042 | D:4      | Reached XP level 5. HP: 28/39 MP: 7/11
  4125 | D:4      | Noticed Ijyb
  4134 | D:4      | Killed Ijyb
  4240 | D:4      | Noticed a black bear
  4250 | D:4      | Killed a black bear
  4251 | D:4      | Reached XP level 6. HP: 42/46 MP: 9/12
  4285 | D:4      | Found a radiant altar of Vehumet.
  4343 | D:4      | Identified the +10 quarterstaff "Doshriug" {freeze, rPois}
  4459 | D:4      | Found a sparkling altar of Nemelex Xobeh.
  4842 | D:5      | Entered Level 5 of the Dungeon
  4842 | D:5      | Noticed Blork the orc
  4851 | D:5      | Reached skill level 1 in Staves
  4851 | D:5      | Killed Blork the orc
  4852 | D:5      | Reached skill level 5 in Spellcasting
  4852 | D:5      | Reached XP level 7. HP: 48/52 MP: 7/14
  4852 | D:5      | Noticed Menkaure
  4858 | D:5      | Killed Menkaure
  5387 | D:5      | Noticed Edmund
  5401 | D:5      | Killed Edmund
  5404 | D:5      | Found a broken altar of Ashenzari.
  5407 | D:5      | Became a worshipper of Ashenzari the Shackled
  5539 | D:5      | Noticed Eustachio
  5563 | D:5      | Killed Eustachio
  5564 | D:5      | Reached XP level 8. HP: 47/60 MP: 10/16
  5728 | D:5      | Identified the +3 leather armour of Duutonta {rElec}
  5734 | D:5      | Reached skill level 6 in Spellcasting
  5734 | D:5      | Reached skill level 5 in Summonings
  6499 | D:6      | Found a runed translucent gate.
  6499 | D:6      | Found a runed translucent gate.
  6499 | D:6      | Found a runed translucent gate.
  6502 | D:6      | Noticed timneilson's ghost (novice GrFi)
  6567 | D:6      | Reached skill level 7 in Spellcasting
  6670 | D:6      | Reached skill level 5 in Staves
  6703 | D:6      | Found a staircase to the Ecumenical Temple.
  6780 | D:6      | Reached XP level 9. HP: 46/65 MP: 16/19
  7365 | D:7      | Found an opulent altar of Gozag.
  7368 | D:7      | Found Poecw's Jewellery Boutique.
  7712 | D:7      | Reached skill level 8 in Spellcasting
  7940 | D:7      | Identified the +1 ring mail of the Trees {rPois rC- Str+4
                  | Dex+3}
  8019 | D:7      | Found a shadowy altar of Dithmenos.
  8524 | D:8      | Reached skill level 9 in Spellcasting
  8687 | D:8      | Found a sacrificial altar of Ru.
  8886 | D:8      | Learned a level 3 spell: Summon Guardian Golem
  8942 | D:8      | Learned a level 4 spell: Summon Lightning Spire
  8997 | D:8      | Found a staircase to the Lair.
  9264 | D:8      | Reached XP level 10. HP: 71/71 MP: 20/23
  9310 | D:8      | Reached skill level 1 in Air Magic
  9414 | D:8      | Reached skill level 10 in Spellcasting
  9772 | D:8      | Found an ornate altar of the Wu Jian Council.
 10111 | D:9      | Found Gaschom's Demolitions Depot.
 10154 | D:9      | Found a blossoming altar of Fedhas.
 10835 | D:10     | Entered Level 10 of the Dungeon
 10903 | D:10     | Noticed a thrashing horror
 10913 | D:10     | Found a one-way gate to the infinite horrors of the Abyss.
 10913 | D:10     | Noticed a rakshasa
 11097 | D:10     | Reached skill level 1 in Hexes
 11185 | D:10     | Reached * piety under Ashenzari
 11217 | D:10     | Noticed a thrashing horror
 11224 | D:10     | Found a transporter.
 11273 | D:10     | Found a transporter.
 11354 | D:10     | Noticed Harold
 11365 | D:10     | Killed Harold
 11366 | D:10     | Reached skill level 11 in Spellcasting
 11461 | D:10     | Noticed bilbop's ghost (novice DjAE)
 11463 | D:10     | Identified Lugonu's Catalogue of Dislocation
 11671 | D:10     | Reached ** piety under Ashenzari
 11836 | Lair:1   | Entered Level 1 of the Lair of Beasts
 11880 | Lair:1   | Identified the +0 chain mail of Uskayaw's Regard {Drain rN+
                  | Int+2}
 11886 | Lair:1   | Reached XP level 11. HP: 77/77 MP: 26/26
 12246 | Lair:1   | Identified the Catalogue of Feathery Flames
 12289 | Lair:1   | Identified the +11 quarterstaff of Armageddon {venom,
                  | *Noise +Blink rElec Int+4}
 12611 | Lair:2   | Noticed an eight-headed hydra
 12627 | Lair:2   | Killed an eight-headed hydra
 12727 | Lair:2   | Found a hole to the Spider Nest.
 12809 | Lair:2   | Reached skill level 1 in Evocations
 12964 | Lair:2   | Noticed a six-headed hydra
 12967 | Lair:2   | Found a staircase to the Shoals.
 12970 | Lair:2   | HP: 3/77 [six-headed hydra (9)]
 12983 | Lair:2   | Killed a six-headed hydra
 13007 | Lair:2   | Reached skill level 5 in Stealth
 13211 | Lair:2   | Learned a level 4 spell: Summon Ice Beast
 13822 | Lair:3   | Reached skill level 1 in Ice Magic
 13881 | Lair:3   | Noticed a six-headed hydra
 13892 | Lair:3   | Killed a six-headed hydra
 14416 | Lair:4   | Noticed a six-headed hydra
 14421 | Lair:4   | Killed a six-headed hydra
 14483 | Lair:4   | Noticed a seven-headed hydra
 14486 | Lair:4   | Noticed a five-headed hydra
 14504 | Lair:4   | Killed a seven-headed hydra
 14828 | Lair:4   | Reached *** piety under Ashenzari
 15089 | Lair:4   | Reached skill level 12 in Spellcasting
 15089 | Lair:4   | Reached XP level 12. HP: 78/83 MP: 16/28
 15188 | Lair:4   | Noticed a catoblepas
 15209 | Lair:4   | Killed a catoblepas
 15435 | Lair:4   | Reached **** piety under Ashenzari
 15804 | Lair:5   | Noticed an eight-headed hydra
 15816 | Lair:5   | Killed an eight-headed hydra
 15830 | Lair:5   | Noticed an eight-headed hydra
 15845 | Lair:5   | Killed an eight-headed hydra
 15985 | Lair:5   | Learned a level 7 spell: Ozocubu's Refrigeration
 16069 | Lair:5   | Reached skill level 5 in Ice Magic
 16069 | Lair:5   | Noticed an eight-headed hydra
 16079 | Lair:5   | Killed an eight-headed hydra
 16461 | Lair:5   | Reached ***** piety under Ashenzari
 16540 | Lair:5   | Noticed a five-headed hydra
 16550 | Lair:5   | Killed a five-headed hydra
 16874 | Lair:5   | Reached skill level 5 in Evocations
 17241 | Lair:6   | Entered Level 6 of the Lair of Beasts
 17255 | Lair:6   | Gained mutation: You are in touch with the powers of death.
                  | [Mummy growth]
 17255 | Lair:6   | Reached XP level 13. HP: 69/88 MP: 16/29
 17271 | Lair:6   | Learned a level 6 spell: Freezing Cloud
 17278 | Lair:6   | Learned a level 6 spell: Simulacrum
 17366 | Lair:6   | Reached skill level 1 in Necromancy
 17369 | Lair:6   | Reached skill level 1 in Conjurations
 17714 | Lair:6   | Found a staircase to the Slime Pits.
 18991 | Lair:6   | Found a runed translucent door.
 18993 | Lair:6   | Noticed daftaero's ghost (journeyman MiBe)
 19073 | Lair:6   | Killed daftaero's ghost
 19074 | Lair:6   | Reached skill level 10 in Ice Magic
 19279 | Lair:6   | Found a viscous altar of Jiyva.
 19337 | Lair:6   | Identified the +5 halberd of the Bruised Beggars {flame,
                  | rC+ Will+++ Int-5}
 19379 | Lair:6   | Reached XP level 14. HP: 58/95 MP: 12/30
 19806 | Lair:6   | Upgraded the game from 0.27-a0-1154-gfdeffcb720 to
                  | 0.27-a0-1181-g5f64966fcc
 19814 | Lair:6   | Reached skill level 13 in Spellcasting
 19885 | Lair:6   | Found the +9 staff of Olgreb {rPois∞}
 20007 | Spider:1 | Entered Level 1 of the Spider Nest
 20199 | D:11     | Found a portal to a secret trove of treasure.
 20219 | D:11     | Found a frozen archway.
 20222 | D:11     | Found a staircase to the Orcish Mines.
 20226 | IceCv    | Entered an ice cave
 20743 | IceCv    | Found an ancient bone altar of Kikubaaqudgha.
 21413 | D:1      | Bought a +1 pair of gloves for 126 gold pieces
 21419 | D:1      | Reached ****** piety under Ashenzari
 21726 | D:12     | Found a burning altar of Makhleb.
 21767 | D:12     | Found a radiant altar of Vehumet.
 21904 | D:12     | Found a flagged portal.
 21919 | Bailey   | Entered a bailey
 22144 | Bailey   | Identified a scroll of acquirement
 22233 | Bailey   | Acquired 1087 gold pieces
 22440 | D:12     | Found a shimmering altar of Xom.
 22456 | D:12     | Found a stormy altar of Qazlal.
 22456 | D:12     | Found a hide-covered altar of Uskayaw.
 23076 | D:11     | Learned a level 2 spell: Blink
 23223 | D:13     | Noticed Josephine
 23236 | D:13     | Killed Josephine
 23339 | D:13     | Reached skill level 14 in Spellcasting
 23702 | D:13     | Slain by a +8 long sword

Illustrated notes

Levels and vault maps discovered:
D:1:      ncdulo_smallfort, layout_loops_ring, serial_shops, shop_statue,
          minmay_pentomino_v4
D:2:      layout_basic, ebering_ecumenical_altar_rust, uniq_crazy_yiuf_cottage
D:3:      layout_basic, fountainhead
D:4:      kennysheep_spiral_hall, layout_rooms, lemuel_crystal_altar,
          lemuel_round_altar, overflow_temple_1_default,
          kennysheep_generic_room_5, uniq_ijyb
D:5:      layout_basic, kennysheep_mini_moat, uniq_eustachio, uniq_edmund,
          uniq_menkaure, uniq_blork_the_orc
D:6:      layout_cave_pools, minmay_temple_entry_from_below_a,
          gammafunk_ghost_split, minmay_misc_feat_more_columns, st_stairs_1
D:7:      layout_basic, lemuel_crystal_altar, amcnicky_altar_gilded,
          serial_shops, shop, minivault_4, kennysheep_generic_room_7
D:8:      layout_loops_ring, old_standard_altar,
          nicolae_wu_jian_immortal_techniques, grunt_lair_entry_orc_guard_hut,
          dk_rats_in_the_wall
D:9:      layout_basic, old_standard_altar, nicolae_blasting_shop,
          hangedman_abyss_or_decor_lesser_grid, hangedman_weighted_door
D:10:     layout_stronghold, gammafunk_ghost_abyssal_escape, uniq_harold
D:11:     layout_cave_pools, orc_0_dummy, portal_ice_cave_entry_pillars_1,
          nicolae_trove_entry_diagonal
D:12:     layout_irregular_city, enter_bailey_5, serial_undead, serial_undead_a,
          serial_undead_c, serial_undead_b, serial_undead_d, serial_undead_e,
          serial_undead_a, serial_undead_a, serial_undead_a, doesnt_xom_only_xom
D:13:     layout_gridville, erik_vaults_1, uniq_josephine
Lair:1:   layout_roguey
Lair:2:   layout_long_grid, minmay_shoals_entry_hut, spider_nest_entry_rubble
Lair:3:   layout_roguey, beast_lair_carwin_10
Lair:4:   layout_cellular_growth
Lair:5:   layout_cave_pods, grunt_megastairs_5
Lair:6:   hangedman_lair_in_review, layout_regular_city,
          hangedman_lair_caniforms_friends, slime_altar_1,
          ebering_ghost_inner_flame, serial_bayou_pond_d
Spider:1: layout_spider_delve, hangedman_spider_mandibles,
          nicolae_spider_wall_of_niches

Skill      XL: |  1  2  3  4  5  6  7  8  9 10 11 12 13 14 |
---------------+-------------------------------------------+-----
Spellcasting   | 3 4 5 7 9 11 12 14 | 14.0
Fighting       | 1 2 3 4 |  4.1
Stealth        | 2 3 4 5 |  5.8
Summonings     | 4 5 7 8 9 |  9.2
Staves         | 1 3 5 6 |  6.9
Air Magic      | 4 |  4.9
Hexes          | 1 |  1.3
Dodging        | 2 4 |  4.5
Evocations     | 3 5 |  5.5
Ice Magic      | 2 8 10 11 | 11.5
Necromancy     | 4 |  4.9
Conjurations   | 3 4 |  4.1

Action                   |  1- 3 |  4- 6 |  7- 9 | 10-12 | 13-15 || total
-------------------------+-------+-------+-------+-------+-------++-------
Melee: Hand axe          |   106 |       |       |       |       ||   106
       Quarterstaff      |    10 |    74 |   254 |   358 |   466 ||  1162
 Cast: Summon Small Mamm |    23 |     2 |     2 |       |       ||    27
       Call Canine Famil |     9 |     9 |    35 |    38 |    40 ||   131
       Call Imp          |     1 |     7 |    27 |     4 |       ||    39
       Summon Guardian G |       |       |     4 |    42 |    32 ||    78
       Summon Lightning  |       |       |       |    51 |    68 ||   119
       Summon Ice Beast  |       |       |       |    19 |    38 ||    57
       Simulacrum        |       |       |       |       |    13 ||    13
       Freezing Cloud    |       |       |       |       |     2 ||     2
Invok: Curse Item        |       |       |       |     8 |     2 ||    10
       Shatter the Chain |       |       |       |       |     1 ||     1
 Abil: Evoke Blink       |       |       |       |       |     1 ||     1
  Use: Scroll            |       |       |     7 |     1 |     5 ||    13
 Stab: Sleeping          |     7 |       |     2 |     3 |     8 ||    20
       Distracted        |     1 |       |     5 |     7 |    10 ||    23
Armor: Robe              |    40 |    19 |    11 |       |       ||    70
       Leather armour    |       |       |    71 |   133 |   204 ||   408
Dodge: Dodged            |   116 |    73 |   221 |   383 |   575 ||  1368

Table legend: (Time is in decaauts)
 A = Elapsed time spent in this place.
 B = Non-inter-level travel time spent in this place.
 C = Inter-level travel time spent in this place.
 D = Time resting spent in this place.
 E = Time spent auto-exploring this place.
 F = Levels seen in this place.
 G = Mean time per level.
                   A        B        C        D        E       F      G
               +--------+--------+--------+--------+--------+-----+--------+
         Total |  23743 |  22460 |   1283 |   1139 |  13131 |  22 | 1079.2 |
       Dungeon |  14453 |  13424 |   1029 |    686 |   8326 |  13 | 1111.8 |
          Lair |   8167 |   7914 |    253 |    279 |   4651 |   6 | 1361.2 |
   Spider Nest |      3 |      3 |      0 |      0 |      0 |   1 |    3.0 |
        Bailey |    363 |    363 |      0 |     75 |      0 |   1 |  363.0 |
      Ice Cave |    755 |    755 |      0 |     99 |    153 |   1 |  755.0 |
               +--------+--------+--------+--------+--------+-----+--------+

Top non-repeatable levels by time:
  Lair:6: 2686 daAuts
     D:1: 2198 daAuts
  Lair:4: 1475 daAuts
     D:8: 1455 daAuts
     D:7: 1365 daAuts
     D:6: 1347 daAuts
  Lair:5: 1345 daAuts
     D:2: 1302 daAuts
  Lair:2: 1160 daAuts
     D:9: 1083 daAuts
     D:5: 1078 daAuts
    D:10: 1077 daAuts
    D:12: 979 daAuts
     D:4: 894 daAuts
  Lair:1: 793 daAuts
